 Dungeon Crawl Stone Soup version 0.24.0-2-g5b39cebb1c (webtiles) character file.

Game seed: 1907773306332541788, levelgen mode: deterministic

1089 Inarius the Chopper (level 8, 0/61 HPs)
             Began as a Demonspawn Monk on Oct 30, 2019.
             Was an Elder of Lugonu.
             Succumbed to a killer bee's poison
             ... on level 6 of the Dungeon.
             The game lasted 00:12:24 (7550 turns).

Inarius the Chopper (Demonspawn Monk)               Turns: 7550, Time: 00:12:24

Health: 0/61       AC: 11    Str: 13    XL:     8   Next: 9%
Magic:  0/10       EV:  4    Int: 13    God:    Lugonu [****..]
Gold:   313        SH:  0    Dex: 17    Spells: 7/7 levels left

rFire    . . .     SeeInvis .   a - -1 hand axe (curse)
rCold    + . .     Gourm    .   (no shield)
rNeg     . . .     Faith    .   b - +0 plate armour
rPois    +         Spirit   +   (helmet restricted)
rElec    .         Reflect  .   (no cloak)
rCorr    .         Harm     .   (no gloves)
MR       .....                  (no boots)
Stlth    ..........             (no amulet)
HPRegen  0.20/turn              (no ring)
MPRegen  0.24/turn              (no ring)

@: lethally poisoned (0 -> -3), very slightly contaminated, invisible
A: horns 1, thin skeletal structure 1, cold resistance 1, poison resistance,
powered by death 1, magic shield, magic regeneration
a: Depart the Abyss, Bend Space, Banish, Corrupt, Renounce Religion


You were on level 6 of the Dungeon.
You worshipped Lugonu.
Lugonu was greatly pleased with you.
You were hungry.

You visited 1 branch of the dungeon, and saw 6 of its levels.

You collected 313 gold pieces.

Inventory:

Hand Weapons
 a - a cursed -1 hand axe (weapon)
 o - a +0 war axe
 p - a +2 spear of venom
 q - a +4 war axe
Missiles
 n - 6 javelins (quivered)
Armour
 b - a +0 plate armour (worn)
Scrolls
 f - 2 scrolls of identify
 g - a scroll of amnesia
Potions
 d - 2 potions of lignification
 k - a potion of brilliance
 l - a potion of resistance {unknown}
 m - 3 potions of curing {unknown}
Comestibles
 c - 9 rations
 h - 6 chunks of flesh


   Skills:
 + Level 4.5 Fighting
 * Level 7.0 Axes
 - Level 0.2 Throwing
 + Level 3.6 Armour
 - Level 3.0 Dodging
 - Level 1.7 Stealth
 * Level 3.4 Invocations


You had 7 spell levels left.
You didn't know any spells.
Your spell library contained the following spells:

 Spells                   Type           Power        Failure   Level  Hunger
 Confusing Touch          Hex            #.....       100%        1    ##.....
 Confuse                  Hex            #.......     100%        3    ####...
 Gell's Gravitas          Tloc           #.........   100%        3    ####...
 Petrify                  Tmut/Erth      #.......     100%        4    #####..
 Metabolic Englaciation   Hex/Ice        #.........   100%        5    ######.
 Yara's Violent Unravell  Hex/Tmut       #.........   100%        5    ######.


Dungeon Overview and Level Annotations

Branches:
Dungeon (6/15)
 Temple: D:4-7

Altars:
Cheibriados
Hepliaklqana
Xom
Lugonu

Shops:
D:4 (

Annotations:
D:4 1 runed translucent door, Rhok's ghost, amateur MiHu
D:6 3 runed translucent doors, Blork the orc; MTVSty1e's ghost, novice DrTm


Innate Abilities, Weirdness & Mutations

You have a somewhat thin skeletal structure. (Dex +2, Stealth)
You regenerate a little health from kills.
When hurt, damage is shared between your health and your magic reserves.
You regenerate magic rapidly.
You have a pair of small horns on your head.
Your flesh is cold resistant. (rC+)
Your system is resistant to poisons. (rPois)


Message History

* * * LOW HITPOINT WARNING * * *
Okay, then.
Unknown command.
It was a potion of invisibility.
You fade into invisibility!
The killer bee stings you.
* * * LOW HITPOINT WARNING * * *
The killer bee stings you.
* * * LOW HITPOINT WARNING * * *
The killer bee stings you!
* * * LOW HITPOINT WARNING * * *
Something hits you but does no damage.
The killer bee stings you but does no damage. x3
You are very lightly contaminated with residual magic.
You miss the killer bee.
The killer bee is moderately wounded.
You closely miss something. You closely miss the killer bee.
You strike the helpless killer bee from behind!
You hit the killer bee.
You die...

###.............# ##......
#................# ##.....
#................#. #.....
#..#............... .......
#....#..............#.##..###
#....##...####.....### #..# #
...........####.....$. ##..
#...........#..yy...... #..
#..#...........@{..(...
##.#............y......
#........###.##....#.
#........# #.......!.
.........# ..........
##.................. #....##
....%...... .... #...........


You could see 3 killer bees.

Vanquished Creatures
  A black bear (D:3)
  2 centaurs
  A bullfrog (D:6)
  3 howler monkeys (D:4)
  An orc priest (D:2)
  A centaur skeleton (D:4)
  4 hounds
  2 jellies (D:5)
  An orc wizard (D:1)
  4 worker ants (D:4)
  12 adders
  6 gnolls
  A shadow imp (D:5)
  3 worms
  3 dart slugs
  4 leopard geckos
  15 orcs
  11 bats
  3 giant cockroaches
  8 goblins
  8 hobgoblins
  9 jackals
  15 kobolds
  A quokka (D:5)
  2 ball pythons (D:4)
  9 frilled lizards
  A jackal skeleton (D:5)
  A leopard gecko skeleton (D:6)
  11 rats
143 creatures vanquished.

Notes
Turn   | Place    | Note
-------+----------+-------------------------------------------
     0 | D:1      | Inarius the Demonspawn Monk began the quest for the Orb.
     0 | D:1      | Reached XP level 1. HP: 18/18 MP: 1/1
   437 | D:1      | Reached skill level 3 in Axes
   437 | D:1      | Gained mutation: When hurt, damage is shared between your
                  | health and your magic reserves. [demonic ancestry]
   437 | D:1      | Reached XP level 2. HP: 24/24 MP: 2/2
   928 | D:1      | Reached XP level 3. HP: 27/29 MP: 3/3
  1815 | D:1      | Reached skill level 1 in Armour
  1815 | D:1      | Reached XP level 4. HP: 23/35 MP: 4/4
  2001 | D:2      | Reached skill level 4 in Axes
  2221 | D:2      | Gained mutation: You regenerate a little health from kills.
                  | [demonic ancestry]
  2221 | D:2      | Reached XP level 5. HP: 40/41 MP: 3/5
  2303 | D:2      | Noticed an ogre
  3230 | D:2      | Found a snail-covered altar of Cheibriados.
  3786 | D:3      | Found a faded altar of an unknown god.
  3787 | D:3      | Became a worshipper of Lugonu the Unformed
  3787 | D:3      | Reached * piety under Lugonu
  3787 | D:3      | Reached ** piety under Lugonu
  3787 | D:3      | Reached *** piety under Lugonu
  4246 | D:3      | Reached **** piety under Lugonu
  4246 | D:3      | Reached skill level 5 in Axes
  4266 | D:3      | Gained mutation: You regenerate magic rapidly. [demonic
                  | ancestry]
  4266 | D:3      | Reached XP level 6. HP: 47/47 MP: 6/6
  4335 | D:3      | Reached skill level 1 in Invocations
  4444 | D:3      | Found a shimmering altar of Xom.
  4766 | D:4      | Noticed Rhok's ghost (amateur MiHu)
  4768 | D:4      | Found a runed translucent door.
  5074 | D:4      | Found Ymoit's Antique Weapon Emporium.
  5124 | D:4      | Reached skill level 6 in Axes
  5124 | D:4      | Reached XP level 7. HP: 38/53 MP: 8/8
  6011 | D:4      | You fall into a shaft and drop 1 floor!
  6011 | D:5      | Entered Level 5 of the Dungeon
  7115 | D:5      | Found a hazy altar of Hepliaklqana.
  7277 | D:6      | Gained mutation: You have a somewhat thin skeletal
                  | structure. (Dex +2, Stealth) [demonic ancestry]
  7277 | D:6      | Reached XP level 8. HP: 34/61 MP: 7/10
  7412 | D:6      | Found a runed translucent gate.
  7428 | D:6      | Noticed MTVSty1e's ghost (novice DrTm)
  7429 | D:6      | Found a runed translucent gate.
  7429 | D:6      | Found a runed translucent gate.
  7457 | D:6      | Reached skill level 7 in Axes
  7521 | D:6      | Noticed Blork the orc
  7548 | D:6      | Gained mutation: You have a pair of small horns on your
                  | head. [potion of mutation]
  7548 | D:6      | Gained mutation: Your system is resistant to poisons.
                  | (rPois) [potion of mutation]
  7548 | D:6      | Gained mutation: Your flesh is cold resistant. (rC+)
                  | [potion of mutation]
  7549 | D:6      | HP: 1/61 [killer bee (5)]
  7550 | D:6      | Succumbed to a killer bee's poison

Levels and vault maps discovered:
D:1:      shiori_arrival_oz, layout_basic, patterned_corridor
D:2:      minmay_skewed_foursquare, layout_basic, overflow_temple_1_default,
          first_ration, minmay_puff
D:3:      minmay_chambers_of_threes, layout_basic,
          nicolae_overflow_crystal_walls, chequers_ecumenical_altar_island,
          kennysheep_generic_room_14
D:4:      layout_loops_corners, hellmonk_ghost_happy_afterlife, serial_glass,
          glass_columns_c, glass_columns_b, serial_shops, kennysheep_little_box
D:5:      layout_loops_cross, kennysheep_mini, uniq_pikel
D:6:      layout_cave_pools, gammafunk_ghost_split, uniq_blork_the_orc

Skill      XL: |  1  2  3  4  5  6  7  8 |
---------------+-------------------------+-----
Axes           | 3 4 5 6 7 |  7.0
Dodging        | 3 |  3.0
Armour         | 1 2 3 |  3.6
Invocations    | 1 3 |  3.4
Fighting       | 4 |  4.5
Throwing       | |  0.2
Stealth        | |  1.7

Action                   |  1- 3 |  4- 6 |  7- 9 || total
-------------------------+-------+-------+-------++-------
Melee: Hand axe          |   186 |   435 |   233 ||   854
       War axe           |       |     8 |       ||     8
Throw: Javelin           |       |     5 |    13 ||    18
  Use: Potion            |       |     2 |     4 ||     6
       Scroll            |       |     6 |       ||     6
 Stab: Sleeping          |     1 |       |       ||     1
       Invisible         |       |       |     1 ||     1
  Eat: Chunk             |     3 |    11 |     8 ||    22
Armor: Plate armour      |   166 |   395 |   178 ||   739
       Chain mail        |     8 |       |       ||     8
       Skin              |       |       |    60 ||    60
Dodge: Dodged            |    40 |    99 |    59 ||   198
